 Dungeon Crawl Stone Soup version 0.28.0-47-ge53b351184 (webtiles) character file.

Game seed: 8329429144247135474

2212 Zeld the Fighter (level 9, -14/82 HPs)
             Began as a Yellow Draconian Monk on Apr 29, 2022.
             Demolished by an ogre
             ... wielding a +0 giant club
              (26 damage)
             ... on level 6 of the Dungeon.
             The game lasted 00:08:47 (10048 turns).

Zeld the Fighter (Yellow Draconian Monk)           Turns: 10048, Time: 00:08:48

Health: -14/82     AC:  8    Str: 19    XL:     9   Next: 13%
Magic:  9/9        EV: 14    Int: 10    God:
Gold:   271        SH:  0    Dex: 13    Spells: 8/8 levels left

rFire   . . .      SeeInvis .   a - +0 war axe
rCold   . . .      Faith    .   (no shield)
rNeg    . . .      Spirit   .   (armour unavailable)
rPois   .          Reflect  .   (helmet restricted)
rElec   .          Harm     .   s - +0 cloak
rCorr   +          Rampage  .   (no gloves)
Will    .....                   (no boots)
Stlth   +++.......              (no amulet)
HPRegen 0.23/turn               (no ring)
MPRegen 0.11/turn               (no ring)

@: short of breath
A: spit acid, AC +7, unfitting armour, cold-blooded, acid resistance
a: Breathe Acid


You were on level 6 of the Dungeon.
You visited 2 branches of the dungeon, and saw 7 of its levels.

You collected 271 gold pieces.

Inventory:

Hand Weapons
 a - a +0 war axe (weapon)
Armour
 s - a +0 cloak (worn)
Wands
 l - a wand of digging (3)
 t - a wand of iceblast (11)
Scrolls
 c - 13 scrolls of identify {unknown}
 d - 4 scrolls of amnesia {unknown}
 h - a scroll of blinking {unknown}
 i - 5 scrolls of teleportation {unknown}
 k - 2 scrolls of holy word {unknown}
 n - a scroll of fear {unknown}
 o - a scroll of vulnerability {unknown}
 q - a scroll of fog {unknown}
Potions
 b - a potion of resistance {unknown}
 e - 2 potions of mutation {unknown}
 f - 4 potions of flight {unknown}
 g - 6 potions of curing {unknown}
 j - 2 potions of brilliance {unknown}
 m - 2 potions of degeneration {unknown}
 p - a potion of heal wounds {unknown}
 r - a potion of lignification {unknown}


   Skills:
 * Level 8.4 Fighting
 * Level 7.7 Axes
 + Level 5.2 Dodging
 + Level 5.1 Stealth


You had 8 spell levels left.
You didn't know any spells.
Your spell library was empty.

Dungeon Overview and Level Annotations

Branches:
Dungeon (6/15)             Temple (1/1) D:4

Altars:
Cheibriados
Dithmenos
Elyvilon
Fedhas
Gozag
Kikubaaqudgha
Makhleb
Nemelex Xobeh
Ru
Sif Muna
Uskayaw
Vehumet
Yredelemnul
Zin


Innate Abilities, Weirdness & Mutations

You can spit globs of acid.
Your golden yellow scales are hard. (AC +7)
You cannot fit into any form of body armour.
You are cold-blooded and may be slowed by cold attacks.
You are resistant to acid. (rCorr)


Message History

The hound pauses to sniff the ground.
The hound misses you. The hound closely misses you.
The hound is no longer covered in acid.
The hound bites you. The hound bites you.
You have got your breath back.
The hound barely misses you. The hound bites you.
The hound bites you but does no damage. The hound barely misses you.
The ogre closely misses you. The hound closely misses you.
The hound pauses to sniff the ground.
The hound bites you but does no damage. The hound misses you.
The hound misses you. The hound barely misses you. The hound barely misses you.
Press: ? - help, Shift-Dir - straight line, f/p - hound
Aim: a hound (severely wounded, 51% to hit)
You spit a glob of acid.
The glob of acid hits the hound!!
The acid splashes onto the ogre!
The ogre is splashed with acid.
You kill the hound!
Unknown command.
You hit the ogre.
The ogre is lightly wounded.
The ogre barely misses you.
Unknown command.
You slash the ogre!
The ogre is heavily wounded.
The ogre hits you with a +0 giant club!
Unknown command.
You hit the ogre.
The ogre is severely wounded.
You hit the ice beast but do no damage. The ice beast hits you.
* * * LOW HITPOINT WARNING * * *
The ice beast freezes you!
* * * LOW HITPOINT WARNING * * *
The ogre hits you with a +0 giant club!!
You die...

#........###..)###.....#
#........Y...8.........#
#....#...###...###....##
#....#..## '#.#+ ##...# #....#.##
..#.# ##.## ## #....#.# ..##.##
#.# .### #....#.#Z.##...## #.#
...## #....#Y####.....####.#
....## #....#.@O............
.....### #....######.......###
.......###[...## #..........##
........##.....####...........#
.........#....#...............#
............#...#.............#
..........#...#...#..<........##
........#...#...#...#..........#.
..........#...#...#............#.


You could see an ice beast and an ogre.

Vanquished Creatures
  Sigmund (D:3)
  The ghost of Walross the Firebug, an amateur DrFE of Gozag (D:4)
  2 sky beasts
  A necrophage (D:6)
  A centaur (D:6)
  3 ogres
  A bullfrog (D:6)
  A gnoll sergeant (D:5)
  4 scorpions (D:5)
  2 water moccasin skeletons
  A killer bee (D:5)
  A howler monkey (D:6)
  2 bullfrog zombies (D:5)
  A centaur skeleton (D:5)
  5 hounds
  A bullfrog skeleton (D:6)
  An orc priest (D:3)
  A scorpion zombie (D:5)
  An iguana (D:5)
  Jessica (D:3)
  An orc wizard (D:5)
  2 killer bee zombies (D:6)
  2 hound skeletons (D:5)
  8 gnolls
  2 howler monkey skeletons
  9 adders
  A white imp (D:6)
  An ufetubus (D:4)
  3 worms
  3 dart slugs (D:1)
  14 orcs
  5 bats
  11 endoplasms
  7 giant cockroaches
  6 goblins
  9 hobgoblins
  2 jackals (D:1)
  7 kobolds
  5 quokkas
  8 ball pythons
  5 frilled lizards
  4 rats
147 creatures vanquished.

Vanquished Creatures (others)
  A fungus (D:1)
  4 plants (D:1)
  2 withered plants (D:4)
7 creatures vanquished.

Grand Total: 154 creatures vanquished

Notes
Turn   | Place    | Note
-------+----------+-------------------------------------------
     0 | D:1      | Zeld the Draconian Monk began the quest for the Orb.
     0 | D:1      | Reached XP level 1. HP: 19/19 MP: 1/1
   185 | D:1      | Reached XP level 2. HP: 19/26 MP: 2/2
   597 | D:1      | Reached XP level 3. HP: 33/33 MP: 3/3
   599 | D:1      | Found a faded altar of an unknown god.
   921 | D:2      | Reached skill level 4 in Fighting
  1218 | D:2      | Identified the +0 helmet of Generosity {rElec rPois}
  1263 | D:2      | Reached XP level 4. HP: 33/40 MP: 4/4
  2570 | D:3      | Reached XP level 5. HP: 33/47 MP: 5/5
  3222 | D:3      | Noticed Jessica
  3231 | D:3      | Killed Jessica
  3494 | D:3      | Noticed Sigmund
  3845 | D:4      | Found a staircase to the Ecumenical Temple.
  3850 | Temple   | Entered the Ecumenical Temple
  3996 | D:4      | Reached skill level 5 in Fighting
  4188 | D:4      | Found a basalt altar of Yredelemnul.
  4206 | D:4      | Reached XP level 6. HP: 30/56 MP: 6/6
  4556 | D:4      | Identified the +1 helmet of Tempters {Slay+3}
  4927 | D:4      | Found a runed translucent door.
  4927 | D:4      | Noticed Walross's ghost (amateur DrFE)
  5648 | D:4      | HP: 2/56 [ogre/+0 giant club (17)]
  5650 | D:4      | Reached skill level 5 in Axes
  6156 | D:5      | Entered Level 5 of the Dungeon
  6352 | D:5      | Your scales start taking on a golden yellow colour.
  6352 | D:5      | Reached XP level 7. HP: 32/62 MP: 7/7
  6352 | D:5      | Gained mutation: You are resistant to acid. (rCorr) [Yellow
                  | Draconian growth]
  6706 | D:5      | Reached skill level 6 in Fighting
  7589 | D:5      | Reached XP level 8. HP: 49/71 MP: 8/8
  7708 | D:5      | Reached skill level 7 in Fighting
  8410 | D:4      | Killed Walross's ghost
  8967 | D:3      | Killed Sigmund
  9162 | D:6      | Reached skill level 8 in Fighting
  9162 | D:6      | Reached skill level 5 in Dodging
  9911 | D:6      | Reached XP level 9. HP: 78/81 MP: 9/9
  9987 | D:6      | Reached skill level 5 in Stealth
 10048 | D:6      | Demolished by an ogre

Illustrated notes

Levels and vault maps discovered:
D:1:      amcnicky_arrival_double_pillar, layout_basic,
          shapermc_ecumenical_altar_mp_ritualfount
D:2:      layout_loops_ring, st_stairs_11, minmay_cut_off
D:3:      layout_basic, uniq_jessica, uniq_sigmund
D:4:      layout_loops_ring, yredelemnul_altar_generic,
          minmay_temple_entry_drinking_statues, hellmonk_ghost_happy_afterlife,
          grunt_ministairs_4
D:5:      layout_basic, corexii_shack, minmay_pentangle
D:6:      cheibrodos_barr_body, layout_cave_pods, grunt_decor_mini_mirrors,
          hex_medium
Temple:   dshaligram_water_room_temple

Skill      XL: |  1  2  3  4  5  6  7  8  9 |
---------------+----------------------------+-----
Stealth        | 2 3 4 5 |  5.1
Fighting       | 4 5 6 8 |  8.4
Dodging        | 3 4 5 |  5.2
Axes           | 4 5 6 7 |  7.7

Action                   |  1- 3 |  4- 6 |  7- 9 || total
-------------------------+-------+-------+-------++-------
Melee: Hand axe          |    99 |    97 |       ||   196
       Tailslap          |    10 |    37 |    38 ||    85
       Punch             |     1 |     1 |     3 ||     5
       War axe           |       |   145 |   193 ||   338
 Abil: Breathe Acid      |       |       |    18 ||    18
 Stab: Sleeping          |     6 |    10 |     4 ||    20
Armor: Skin              |    35 |    59 |    68 ||   162
Dodge: Dodged            |    80 |   212 |   182 ||   474
